 Dungeon Crawl Stone Soup version 0.29.1-12-g30fa7ad0bf (webtiles) character file.

Game seed: 7666508542280875926

123626 LLlMATKO the Warrior (level 16, -14/149 HPs)
             Began as a Minotaur Berserker on Dec 26, 2022.
             Was a High Priest of Trog.
             Demolished by a death knight
             ... wielding a +1 war axe of distortion
              (16 damage)
             ... on level 15 of the Dungeon.
             The game lasted 00:35:36 (28921 turns).

LLlMATKO the Warrior (Minotaur Berserker)          Turns: 28921, Time: 00:35:36

Health: -14/149    AC: 31    Str: 27    XL:     16   Next: 37%
Magic:  15/15      EV:  8    Int:  4    God:    Trog [*****.]
Gold:   1590       SH: 23    Dex: 11    Spells: 15/15 levels left

rFire   + . .      SeeInvis .   z - +2 demon whip (elec)
rCold   . . .      Faith    .   r - +0 tower shield
rNeg    . . .      Spirit   .   K - +1 crystal plate armour
rPois   +          Reflect  +   (helmet restricted)
rElec   .          Harm     .   i - +0 cloak
rCorr   .          Rampage  .   x - +2 pair of gloves
Will    +....                   g - +0 pair of boots
Stlth   ..........              k - amulet of reflection
HPRegen 0.34/turn               b - ring of protection from fire
MPRegen 0.14/turn               n - ring of poison resistance

@: slowed, unable to read, very slow
A: horns 2, retaliatory headbutt, clumsy 1, inability to read after injury 1
a: Renounce Religion, Berserk, Trog's Hand, Brothers in Arms


You were on level 15 of the Dungeon.
You worshipped Trog.
Trog was extremely pleased with you.
You visited 2 branches of the dungeon, and saw 20 of its levels.
You visited the Abyss 1 time.
You also visited: Bailey.

You collected 1725 gold pieces.
You spent 135 gold pieces at shops.

Inventory:

Hand Weapons
 u - a +0 arbalest
 z - a +2 demon whip of electrocution (weapon)
 I - a +1 broad axe of flaming
 T - a +2 demon whip of venom
Missiles
 q - 13 poisoned darts (quivered)
 B - 12 javelins
 N - 5 throwing nets
 O - 11 atropa-tipped darts
 P - 5 datura-tipped darts
Armour
 g - a +0 pair of boots (worn)
 i - a +0 cloak (worn)
 r - a +0 tower shield (worn)
 x - a +2 pair of gloves (worn)
 K - a +1 crystal plate armour (worn)
Jewellery
 b - a ring of protection from fire (left hand)
 e - a ring of ice
 h - a ring of willpower
 k - an amulet of reflection (around neck)
 n - a ring of poison resistance (right hand)
 y - a +6 ring of strength
Wands
 C - a wand of paralysis (36)
 J - a wand of quicksilver (7)
 L - a wand of flame (40)
 M - a wand of iceblast (14)
Scrolls
 c - a scroll of fog
 j - 3 scrolls of poison
 m - 7 scrolls of teleportation
 o - 14 scrolls of identify
 v - 3 scrolls of fear
 w - 4 scrolls of enchant armour
 E - 2 scrolls of enchant weapon
 Q - a scroll of vulnerability {unknown}
 R - a scroll of magic mapping
 S - a scroll of silence {unknown}
Potions
 a - 4 potions of invisibility
 d - 4 potions of haste
 f - 4 potions of heal wounds
 l - 3 potions of resistance
 p - 14 potions of curing
 s - a potion of flight
 t - 6 potions of magic
 A - 2 potions of lignification
 F - 2 potions of ambrosia
 G - 6 potions of might
 H - 4 potions of cancellation


   Skills:
 + Level 15.3 Fighting
 - Level 5.4(10.9) Axes
 + Level 14.6(15.0) Maces & Flails
 - Level 12.0 Ranged Weapons
 + Level 15.1 Armour
 + Level 14.0 Dodging
 + Level 14.8 Shields


You had 15 spell levels left.
You didn't know any spells.
Your spell library was empty.

Dungeon Overview and Level Annotations

Branches:
Dungeon (15/15)            Temple (0/1) D:7            Lair (5/5) D:8
  Swamp (0/4) Lair:2        Snake (0/4) Lair:2        Slime (0/5) Lair:5
    Orc (0/2) D:9          Vaults (0/5) D:14         Depths (0/4) D:15
 Bailey (visited)

Altars:
Cheibriados
Fedhas
Nemelex Xobeh
Okawaru
Qazlal
Trog
Vehumet
Wu Jian
Xom
Yredelemnul
Jiyva

Shops:
D:3 [*(   D:4 [

Annotations:
D:11 2 transporters, t4s4d4r's ghost, journeyman OpTm


Innate Abilities, Weirdness & Mutations

You have a pair of horns on your head.
You reflexively headbutt those who attack you in melee.
You are clumsy. (Dex -2)
You occasionally lose the ability to read scrolls when taking damage.


Message History

A centaur warrior comes into view. It is wielding a +0 broad axe.
The tengu conjurer hits you but does no damage.
You block the tengu conjurer's attack. x2; You block the sphinx's attack.
The sphinx hits you but does no damage. x2; The freezing wraith hits you!
* * * LOW HITPOINT WARNING * * *
The freezing wraith freezes you!
* * * LOW HITPOINT WARNING * * *
The freezing wraith hits you.
* * * LOW HITPOINT WARNING * * *
The freezing wraith drains your vigour!
You feel as though you will be slow longer.
You block the death knight's attack. The tengu conjurer closely misses you.
The tengu conjurer pecks you.
* * * LOW HITPOINT WARNING * * *
The tengu conjurer claws you.
* * * LOW HITPOINT WARNING * * *
The sphinx hits you.
* * * LOW HITPOINT WARNING * * *
The sphinx hits you but does no damage. You block the sphinx's attack.
Unknown command.
Unknown command.
You cannot read scrolls in your current state!
You feel much better.
The centaur warrior shouts!
You block the freezing wraith's attack.
The freezing wraith hits you but does no damage.
The death knight hits you with a +1 war axe of distortion!!
* * * LOW HITPOINT WARNING * * *
Space warps around you.
* * * LOW HITPOINT WARNING * * *
You block the tengu conjurer's attack. The tengu conjurer closely misses you.
You block the tengu conjurer's attack. You block the sphinx's attack.
The sphinx hits you!
* * * LOW HITPOINT WARNING * * *
The sphinx hits you but does no damage.
The freezing wraith hits you but does no damage. x2
The fire dragon completely misses you. The fire dragon closely misses you.
The fire dragon tramples you but does no damage.
The death knight hits you with a +1 war axe of distortion!
You die...

...#..<.# .#...<..##≈..
##.###. §≈ ........##≈..
##...#. §##
##########≈..##..... D≈≈#
#########§ #....c). .§§#
##≈§≈§≈≈≈###'..... ##.§§
##§....[.##.#'...# ... ≈##
.#≈...#...'#.#*HW##.#..≈≈#
##≈...#....+#.#Q@p.....≈#
##≈(##......'#.##D).[..≈§#
##≈!......<..'###≈§§§§≈≈##
#####'#'#.....##§########
####.#.###.....§##########
)#......#'.....≈##.......##
#)#..P⌠..#..##§≈##..>.....#
.#..P8P.#'.#...§##.<.<...##
#(#.⌠P...#.#...≈##.......#


You could see a fire dragon, a sphinx, a death knight, a centaur warrior, a
freezing wraith, a tengu conjurer and a battlesphere (distracted).

Vanquished Creatures
  Rupert (D:12)
  Frances (D:13)
  A tentacled starspawn (Abyss:2)
  A storm dragon (D:15)
  A rockslime (shapeshifter) (D:15)
  A frost giant (D:15)
  A balrug (Abyss:2)
  A stone giant (D:15)
  A very ugly thing (D:15)
  2 yaktaur captains (D:15)
  9 boulder beetles
  A quicksilver dragon skeleton (Abyss:2)
  Harold (D:11)
  14 hydras
  A catoblepas (D:15)
  A merfolk avatar (Lair:5)
  Erica (D:10)
  2 two-headed ogres
  4 ogre magi
  A tengu warrior (D:15)
  7 centaur warriors
  14 death yaks
  Urug (D:11)
  2 sun demons (Abyss:2)
  A deep elf knight (D:15)
  2 thrashing horrors (Abyss:2)
  Nergalle (D:12)
  A wretched star (Abyss:2)
  A sixfirhy (Abyss:2)
  3 glowing orange brains
  3 skeletal warriors
  2 wizards (D:15)
  3 harpies (Lair:5)
  2 orc knights
  9 manticores
  15 ugly things
  An oklob plant (Lair:5)
  A shining eye (Abyss:2)
  4 deep elf pyromancers
  2 wolf spiders (D:15)
  3 elephants
  A worldbinder (Abyss:2)
  Maurice (D:13)
  6 cyclopes (D:15)
  7 black mambas
  3 gargoyles
  An elephant (shapeshifter) (D:15)
  Joseph (D:7)
  8 cane toads
  2 torpor snails
  4 centaur skeletons (D:14)
  An unseen horror (D:10)
  2 rime drakes (shapeshifter) (D:15)
  A rime drake (Lair:5)
  2 tengu conjurers
  An ice devil (Abyss:2)
  A hellwing (Abyss:2)
  An efreet (D:15)
  A freezing wraith (D:15)
  4 burning bushes (Lair:2)
  10 komodo dragons
  4 hornets
  5 polar bears
  2 meliai (D:15)
  A wind drake (Lair:5)
  A troll (D:12)
  2 snapping turtles (Lair:5)
  10 blink frogs (Lair:5)
  5 slime creatures
  3 centaur simulacra (D:15)
  2 shadows
  A vampire (D:12)
  A large abomination (Abyss:2)
  A spriggan (shapeshifter) (D:15)
  3 wyverns
  5 wraiths
  55 yaks
  A human (shapeshifter) (D:15)
  2 basilisks (D:15)
  6 vampire mosquitoes
  A neqoxec (Abyss:2)
  2 steam dragons
  A swamp worm (shapeshifter) (D:14)
  An acid dragon (D:12)
  13 water moccasins
  4 small abominations (Abyss:2)
  A swamp drake (Lair:2)
  2 ice beasts
  5 orc warriors
  A sky beast (D:8)
  2 black bears
  5 starcursed masses (Abyss:2)
  20 wolves
  5 ogres
  20 centaurs
  A gnoll sergeant (D:6)
  5 scorpions
  7 bullfrogs
  8 wights (D:8)
  5 killer bees
  A howler monkey (D:10)
  4 crimson imps (D:5)
  2 jellies
  6 orc priests
  A hound (D:6)
  An iron imp (D:9)
  3 gnoll boudas (D:7)
  7 iguanas
  12 orc wizards
  4 hell rats (Lair:3)
  A hound skeleton (D:3)
  7 adders
  27 gnolls
  A shadow imp (D:5)
  3 white imps
  An ufetubus (D:6)
  An adder zombie (D:3)
  2 worms
  2 dart slugs
  41 orcs
  5 ball pythons
  3 endoplasms
  7 giant cockroaches
  8 goblins
  3 hobgoblins
  3 jackals (D:5)
  A ball python zombie (D:3)
  2 bats
  3 frilled lizards
  15 kobolds
  A quokka skeleton (D:3)
  10 rats
589 creatures vanquished.

Vanquished Creatures (others)
  A fire giant (D:15)
  A manticore (Lair:5)
  A chaos spawn (Abyss:2)
  9 fungi
  36 plants
  A withered plant (D:3)
49 creatures vanquished.

Grand Total: 638 creatures vanquished

Notes
Turn   | Place    | Note
-------+----------+-------------------------------------------
     0 | D:1      | LLlMATKO the Minotaur Berserker began the quest for the
                  | Orb.
     0 | D:1      | Reached XP level 1. HP: 19/19 MP: 0/0
   383 | D:1      | Reached XP level 2. HP: 27/27 MP: 1/1
   938 | D:2      | Found a faded altar of an unknown god.
   954 | D:2      | Reached XP level 3. HP: 28/33 MP: 2/2
  1197 | D:2      | Reached ** piety under Trog
  1933 | D:3      | Reached XP level 4. HP: 40/40 MP: 3/3
  1967 | D:3      | Found a radiant altar of Vehumet.
  2232 | D:3      | Found Fubuag's Weapon Shoppe.
  2246 | D:3      | Identified the +5 short sword of the People {flame, *Rage
                  | rF+++ Str+2 Dex+4}
  2390 | D:3      | Found Horodiv's Armour Boutique.
  2411 | D:3      | Found Quvvoplu's Assorted Antiques.
  2423 | D:3      | Bought an arbalest for 135 gold pieces
  2782 | D:4      | Reached skill level 1 in Shields
  2782 | D:4      | Reached XP level 5. HP: 44/47 MP: 4/4
  2791 | D:4      | Reached *** piety under Trog
  2792 | D:4      | Reached skill level 1 in Ranged Weapons
  3173 | D:4      | Found Plog's Antique Armour Shoppe.
  3299 | D:4      | Identified the +7 dagger of the Purple Skies {flame, rF++
                  | Will- Dex+2}
  3578 | D:4      | Noticed an ogre
  3587 | D:4      | Killed an ogre
  3588 | D:4      | Reached skill level 5 in Axes
  3588 | D:4      | Reached XP level 6. HP: 38/55 MP: 5/5
  3710 | D:4      | Reached skill level 5 in Fighting
  3926 | D:5      | Entered Level 5 of the Dungeon
  4046 | D:5      | Found a shimmering altar of Xom.
  4176 | D:5      | Reached XP level 7. HP: 57/61 MP: 6/6
  4424 | D:5      | Reached skill level 1 in Maces & Flails
  4516 | D:6      | Reached skill level 5 in Armour
  4525 | D:6      | Reached XP level 8. HP: 68/70 MP: 7/7
  4588 | D:6      | Reached skill level 5 in Dodging
  4729 | D:6      | Reached **** piety under Trog
  5423 | D:7      | Reached skill level 5 in Shields
  5767 | D:7      | Noticed Joseph
  5776 | D:7      | Reached XP level 9. HP: 60/78 MP: 8/8
  5790 | D:7      | Killed Joseph
  5864 | D:7      | Found a staircase to the Ecumenical Temple.
  5919 | D:7      | Reached skill level 5 in Ranged Weapons
  6386 | D:8      | Noticed a two-headed ogre
  6386 | D:8      | Found a staircase to the Lair.
  6394 | D:8      | Killed a two-headed ogre
  6395 | D:8      | Reached skill level 5 in Maces & Flails
  6464 | D:8      | Reached XP level 10. HP: 68/88 MP: 9/9
  6491 | D:8      | Found a flagged portal.
  6497 | Bailey   | Entered a bailey
  6667 | Bailey   | Reached ***** piety under Trog
  6703 | Bailey   | Noticed an orc knight
  6713 | Bailey   | Killed an orc knight
  7620 | D:8      | Found a basalt altar of Yredelemnul.
  7798 | D:9      | Noticed a four-headed hydra
  7799 | D:9      | Noticed a brown ugly thing
  7809 | D:9      | Killed a four-headed hydra
  7816 | D:9      | Killed a brown ugly thing
  7864 | D:9      | Found a snail-covered altar of Cheibriados.
  7953 | D:9      | Found a staircase to the Orcish Mines.
  7991 | D:9      | Noticed a cyan ugly thing
  8010 | D:9      | Killed a cyan ugly thing
  8505 | D:9      | Noticed a cyan ugly thing
  8517 | D:9      | Killed a cyan ugly thing
  8737 | D:9      | Noticed a boulder beetle
  8760 | D:9      | Killed a boulder beetle
  8761 | D:9      | Reached XP level 11. HP: 36/97 MP: 10/10
  9503 | D:9      | Found a stormy altar of Qazlal.
  9581 | D:10     | Entered Level 10 of the Dungeon
  9825 | D:10     | Noticed Erica
  9835 | D:10     | Killed Erica
 10085 | D:10     | Found an iron altar of Okawaru.
 10399 | D:10     | Found an ornate altar of the Wu Jian Council.
 10513 | D:10     | Found a blossoming altar of Fedhas.
 10698 | Lair:1   | Entered Level 1 of the Lair of Beasts
 10711 | Lair:1   | Noticed a seven-headed hydra
 10725 | Lair:1   | HP: 2/148 [seven-headed hydra (8)]
 10726 | Lair:1   | Killed a seven-headed hydra
 10727 | Lair:1   | Reached skill level 10 in Fighting
 11123 | Lair:1   | Reached skill level 10 in Armour
 11123 | Lair:1   | Reached XP level 12. HP: 108/108 MP: 11/11
 11166 | Lair:1   | Received a gift from Trog
 11544 | Lair:1   | Noticed a death yak
 11554 | Lair:1   | Killed a death yak
 11555 | Lair:1   | Reached skill level 10 in Shields
 12372 | Lair:2   | Found a staircase to the Swamp.
 12395 | Lair:2   | Reached skill level 10 in Maces & Flails
 12406 | Lair:2   | Reached XP level 13. HP: 98/116 MP: 12/12
 12415 | Lair:2   | Reached skill level 10 in Dodging
 12559 | Lair:2   | Found a sparkling altar of Nemelex Xobeh.
 12955 | Lair:2   | Found a staircase to the Snake Pit.
 13726 | Lair:3   | Received a gift from Trog
 13741 | Lair:3   | Reached skill level 10 in Ranged Weapons
 15748 | Lair:5   | Entered Level 5 of the Lair of Beasts
 16268 | Lair:5   | Reached XP level 14. HP: 109/127 MP: 13/13
 16733 | Lair:5   | Found a viscous altar of Jiyva.
 16735 | Lair:5   | Found a staircase to the Slime Pits.
 17385 | Lair:5   | Received a gift from Trog
 18489 | D:11     | Noticed t4s4d4r's ghost (journeyman OpTm)
 18490 | D:11     | Found a transporter.
 18539 | D:11     | Found a transporter.
 18544 | D:11     | Found a bloodstained altar of Trog.
 18663 | D:11     | Noticed Harold
 18669 | D:11     | Killed Harold
 18747 | D:11     | Noticed Urug
 18757 | D:11     | Killed Urug
 19445 | D:12     | Noticed Nergalle
 19458 | D:12     | Killed Nergalle
 19560 | D:12     | Noticed Rupert
 19562 | D:12     | Paralysed by Rupert for 4 turns
 19575 | D:12     | Killed Rupert
 21675 | D:13     | Noticed Frances
 21692 | D:13     | Killed Frances
 21898 | D:13     | Received a gift from Trog
 22104 | D:13     | Noticed Maurice
 22115 | D:13     | Killed Maurice
 22157 | D:13     | Reached XP level 15. HP: 136/136 MP: 14/14
 23057 | D:14     | Found a gate to the Vaults.
 23917 | D:15     | Entered Level 15 of the Dungeon
 24535 | D:15     | Found an iron altar of Okawaru.
 24536 | D:15     | Found a stormy altar of Qazlal.
 24537 | D:15     | Found a blossoming altar of Fedhas.
 24745 | D:15     | Noticed a fire giant
 25087 | D:15     | Killed a fire giant
 25428 | D:15     | Received a gift from Trog
 26120 | D:15     | Found a staircase to the Depths.
 26793 | D:15     | Noticed a rockslime
 26810 | D:15     | Killed a rockslime
 27309 | D:15     | Reached XP level 16. HP: 75/147 MP: 15/15
 27355 | D:15     | Noticed a sphinx
 27697 | D:15     | Noticed a storm dragon
 27711 | D:15     | Killed a storm dragon
 27820 | D:15     | Reached skill level 15 in Fighting
 28098 | D:15     | Identified the ring of Creativity {Wiz +Blink Will- Dex+7
                  | Stlth+}
 28111 | Abyss:2  | Cast into level 2 of the Abyss (death knight)
 28293 | Abyss:2  | Reached skill level 15 in Armour
 28297 | Abyss:2  | Gained mutation: You are clumsy. (Dex -2) [a shining eye]
 28317 | Abyss:2  | Noticed a tentacled starspawn
 28323 | Abyss:2  | Killed a tentacled starspawn
 28552 | Abyss:2  | Gained mutation: You occasionally lose the ability to read
                  | scrolls when taking damage. [a neqoxec]
 28568 | D:15     | Escaped the Abyss
 28921 | D:15     | HP: 2/149 [sphinx (8)]
 28921 | D:15     | Demolished by a death knight

Illustrated notes

Levels and vault maps discovered:
D:1:      matt_arrival_diagonals, layout_basic
D:2:      layout_loops_ring, ebering_ecumenical_altar_abandoned
D:3:      layout_rooms, mainiacjoe_overflow_small_starburst, serial_shops,
          nicolae_shop_hallway_stairs, nicolae_shop_bloodbath_and_beyond, shop,
          serial_undead, serial_undead_c, serial_undead_b, serial_undead_a,
          serial_undead_b, minivault_25
D:4:      layout_cave_pools, serial_shops,
          nicolae_shop_competitors_out_of_business
D:5:      layout_rooms, led_xom_imps
D:6:      layout_cave_pools, kennysheep_generic_room_7
D:7:      layout_basic, temple_statues, hangedman_decor_clover_reticule,
          eino_small_chamber_without_monster, kennysheep_generic_room_2,
          uniq_joseph
D:8:      layout_basic, lemuel_crystal_altar, lair_entry_dummy, enter_bailey_3
D:9:      minmay_diamond_stairs, layout_irregular_city,
          nicolae_qazlal_eye_of_the_storm, slow_altar_1, orc_0_dummy
D:10:     layout_roguey, nicolae_wu_jian_immortal_techniques,
          mainiacjoe_overflow_alcove_4, fedhas_altar_4, minmay_quadrilaterals,
          uniq_erica
D:11:     layout_basic, gammafunk_ghost_wrathful_warriors, uniq_urug,
          uniq_harold
D:12:     layout_stronghold, uniq_rupert, uniq_nergalle
D:13:     layout_loops_corners, solitary_fountain, uniq_frances, uniq_maurice
D:14:     layout_basic, hangedman_vaults_entry_quadrant_bands
D:15:     hangedman_slaughterboxes
Lair:1:   layout_regular_city
Lair:2:   layout_cave_shapes, minmay_swamp_entry_reptiles,
          minmay_snake_entry_six_corridors, basic_altar, evilmike_ambush
          [evilmike_ambush_outer_basic, evilmike_ambush_inner_wall_1]
Lair:3:   layout_loops_ring, beast_lair_carwin_8, infiniplex_staircase_pool_2
Lair:4:   layout_regular_city
Lair:5:   gammafunk_lair_ancient_temple, layout_gridlike, slime_entry_1,
          lemuel_fruit_tree, serial_bayou_shore_b, grunt_megastairs_2

Skill      XL: |  1  2  3  4  5  6  7  8  9 10 11 12 13 14 15 16 |
---------------+-------------------------------------------------+-----
Fighting       | 4 5 6 8 9 10 11 12 13 14 15 | 15.3
Axes           | 4 5 |  5.4
Armour         | 3 4 5 6 7 8 10 12 13 14 15 | 15.1
Dodging        | 3 4 5 6 8 9 11 12 13 14 | 14.0
Shields        | 1 2 3 5 6 8 9 10 11 13 14 | 14.8
Ranged Weapons | 1 2 3 4 5 7 8 9 10 11 12 | 12.0
Maces & Flails | 2 4 5 7 9 10 11 12 14 | 14.6

Action                   |  1- 3 |  4- 6 |  7- 9 | 10-12 | 13-15 | 16-18 || total
-------------------------+-------+-------+-------+-------+-------+-------++-------
Melee: Hand axe          |    70 |   160 |    17 |       |       |       ||   247
       Headbutt          |    12 |    32 |    46 |   104 |   373 |    66 ||   633
       Punch             |     2 |       |       |       |       |       ||     2
       Demon whip        |       |       |   206 |   435 |  1342 |   195 ||  2178
       Broad axe         |       |       |       |       |    15 |       ||    15
Throw: Boomerang         |       |       |    10 |    19 |    58 |     6 ||    93
       Dart              |       |       |       |       |    20 |       ||    20
       Javelin           |       |       |       |       |     7 |       ||     7
Invok: Berserk           |       |     1 |     2 |     7 |     9 |     4 ||    23
Evoke: Wand              |       |       |       |       |     1 |       ||     1
  Use: Scroll            |       |       |     6 |    18 |     1 |     1 ||    26
       Potion            |       |       |       |     1 |       |     3 ||     4
 Stab: Distracted        |       |       |       |       |     2 |       ||     2
       Petrified         |       |       |       |       |     2 |       ||     2
Armor: Animal skin       |    22 |    25 |       |       |       |       ||    47
       Chain mail        |       |    10 |    71 |       |       |       ||    81
       Plate armour      |       |       |    35 |    40 |       |       ||    75
       Crystal plate arm |       |       |       |   216 |   481 |    92 ||   789
Dodge: Dodged            |    44 |    35 |    31 |    53 |   173 |    50 ||   386
Block: Other             |     4 |    14 |       |       |       |       ||    18
       Tower shield      |       |    80 |   252 |   469 |  1167 |   159 ||  2127
       Reflection        |       |     5 |    10 |    15 |    67 |     1 ||    98
